General information
- name: werwerwer
- type: Custom game
- host: ROTS19
- saver: ROTS19
map: TheTwoRivers
- players: 2
- length: 23:55
- speed: Fast
- version: 1.24 W3XP
- replay type: Public
» download(67 KB)
Players
team 1 (winner)

»
ROTS19 (
orange | 72 APM | 1726 actions | 23:55)
5 Death Knight
2 Death Coil
3 Unholy Aura
4 Lich
2 Frost Nova
2 Frost Armor
» actions
| Assign group hotkey | 74 | |
| Basic commands | 36 | |
| Build / train | 75 | |
| Enter build submenu | 18 | |
| Enter hero's abilities submenu | 9 | |
| Give item / drop item | 2 | |
| Right click | 845 | |
| Select / deselect | 384 | |
| Select group hotkey | 189 | |
| Use ability | 94 | |
1726 total
» units
| Acolyte | 5 | |
| Ghoul | 3 | |
| Crypt Fiend | 12 | |
| Obsidian Statue | 3 | |
| Necromancer | 6 | |
| Abomination | 4 | |
33 total
» upgrades
| Creature Attack | 2 | |
| Creature Carapace | 2 | |
| Web | 1 | |
| Necromancer Training | 2 | |
| Disease Cloud | 1 | |
| Unholy Strength | 3 | |
| Skeletal Longevity | 1 | |
| Skeletal Mastery | 1 | |
13 total
» buildings
| Crypt | 1 | |
| Graveyard | 1 | |
| Altar of Darkness | 1 | |
| Ziggurat | 8 | |
| Nerubian Tower | 2 | |
| Tomb of Relics | 2 | |
| Halls of the Dead | 1 | |
| Spirit Tower | 4 | |
| Temple of the Damned | 1 | |
| Slaughterhouse | 1 | |
| Black Citadel | 1 | |
23 total
» build order
00:17 Crypt
00:21 Graveyard
00:56 Altar of Darkness
01:26 Ziggurat
02:17 Ziggurat
02:31 Nerubian Tower
03:23 Tomb of Relics
04:28 Halls of the Dead
05:18 Spirit Tower
05:21 Ziggurat
06:14 Spirit Tower
06:54 Ziggurat
08:41 Temple of the Damned
08:47 Slaughterhouse
09:04 Spirit Tower
13:43 Black Citadel
17:10 Ziggurat
17:11 Ziggurat
17:14 Ziggurat
20:36 Tomb of Relics
20:41 Nerubian Tower
20:42 Spirit Tower
20:44 Ziggurat
» items
| Rod of Necromancy | 1 | |
| Scroll of Town Portal | 1 | |
| Potion of Healing | 5 | |
| Potion of Mana | 2 | |
9 total
team 2 (loser)

»
Guitar-God (
red | 39 APM | 940 actions | 23:54)
5 Demon Hunter
3 Mana Burn
2 Evasion
» actions
| Assign group hotkey | 12 | |
| Basic commands | 100 | |
| Build / train | 57 | |
| Enter build submenu | 24 | |
| Enter hero's abilities submenu | 5 | |
| Give item / drop item | 1 | |
| Right click | 334 | |
| Select / deselect | 308 | |
| Select group hotkey | 17 | |
| Use ability | 82 | |
940 total
» units
| Wisp | 21 | |
| Archer | 5 | |
| Huntress | 5 | |
| Druid of the Claw | 9 | |
40 total
» upgrades
| Druid of the Claw Training | 2 | |
| Strength of the Wild | 2 | |
| Reinforced Hides | 1 | |
| Mark of the Claw | 1 | |
6 total
» buildings
| Altar of Elders | 1 | |
| Moon Well | 9 | |
| Ancient of War | 1 | |
| Hunter's Hall | 1 | |
| Ancient Protector | 5 | |
| Tree of Ages | 1 | |
| Ancient of Lore | 2 | |
| Tree of Life | 1 | |
| Tree of Eternity | 1 | |
| Ancient of Wonders | 1 | |
23 total
» build order
00:08 Altar of Elders
00:12 Moon Well
00:21 Ancient of War
01:52 Moon Well
03:08 Hunter's Hall
04:10 Moon Well
06:11 Ancient Protector
06:20 Ancient Protector
06:21 Tree of Ages
06:36 Moon Well
08:19 Ancient Protector
08:53 Moon Well
10:04 Ancient of Lore
10:23 Ancient of Lore
10:26 Moon Well
13:42 Tree of Life
13:46 Moon Well
15:39 Ancient Protector
16:19 Tree of Eternity
16:55 Ancient of Wonders
20:23 Moon Well
21:14 Moon Well
22:14 Ancient Protector
» items
| Potion of Healing | 2 | |
| Orb of Venom | 1 | |
3 total
Chat log
(08:19 / All) ROTS19: gold plz